 Dungeon Crawl Stone Soup version 0.30.1 (webtiles) character file.

Game seed: 9452331036300556252

106 AIAndy the Shooter (level 4, -4/34 HPs)
             Began as a Barachi Hunter on July 4, 2023.
             Succumbed to Robin's poison
             ... on level 4 of the Dungeon.
             The game lasted 00:05:37 (1997 turns).

AIAndy the Shooter (Barachi Hunter)                 Turns: 1997, Time: 00:05:38

Health: -4/34      AC:  8    Str: 13    XL:     4   Next: 84%
Magic:  4/4        EV:  9    Int: 15    God:
Gold:   202        SH:  0    Dex: 17    Spells: 3/3 levels left

rFire   . . .        a - +0 shortbow
rCold   . . .        (shield currently unavailable)
rNeg    . . .        m - +0 scale mail
rPois   .            (no helmet)
rElec   .            (no cloak)
rCorr   .            e - +0 pair of gloves
SInv    .            k - +0 pair of boots "Boin" {Regen+}
Will    .....        (no amulet) Stlth
                     d - +6 ring of intelligence
HPRegen 1.05/turn    (no ring)
MPRegen 0.09/turn

%: no passive effects
@: lethally poisoned (-4 -> -21), slow
A: amphibious, slowness 1, strong legs 1, +LOS
a: Hop


You were on level 4 of the Dungeon.
You visited 1 branch of the dungeon, and saw 4 of its levels.

You collected 202 gold pieces.

Inventory:

Hand Weapons
 a - a +0 shortbow (weapon)
Armour
 c - a +0 leather armour
 e - a +0 pair of gloves (worn)
 k - the +0 pair of boots "Boin" (worn) {Regen+}
   (You found it on level 2 of the Dungeon)

   Regen:     It increases your rate of health regeneration.
 m - a +0 scale mail (worn)
Jewellery
 d - a +6 ring of intelligence (left hand)
Wands
 p - a wand of light (9)
Scrolls
 b - 3 scrolls of immolation
 f - 2 scrolls of fog
 g - 3 scrolls of poison {unknown}
 i - 2 scrolls of identify
 o - 3 scrolls of teleportation {unknown}
Potions
 h - 3 potions of attraction
 j - a potion of lignification
 n - a potion of mutation {unknown}


   Skills:
 - Level 2.4 Fighting
 + Level 6.0 Ranged Weapons
 - Level 2.1 Dodging
 - Level 0.8 Stealth


You had 3 spell levels left.
You didn't know any spells.
Your spell library was empty.

Dungeon Overview and Level Annotations

Branches:
Dungeon (4/15)
 Temple: D:4-7

Altars:

Shops:
D:1 *

Annotations:
D:3 Ijyb
D:4 Robin


Innate Abilities, Weirdness & Mutations

You are amphibious.
You cover ground slowly.
You can hop short distances.
You have an extended range of vision and can be seen from far away.


Message History

Robin is heavily wounded.
Robin hits you with a +4 dagger of venom.
You shoot an arrow. The arrow barely misses Robin.
Robin hits you but does no damage. The orc hits you but does no damage.
The orc closely misses you.
You shoot an arrow.
The arrow hits Robin but does no damage.
Robin is heavily wounded.
Robin hits you with a +4 dagger of venom.
You are poisoned.
The orc barely misses you. The orc closely misses you.
The orc hits you but does no damage. Robin hits you but does no damage.
You are more poisoned.
The orc barely misses you. The orc hits you but does no damage. x2
Okay, then.
As you read the scroll labelled KEMOOWEIXTO, it crumbles to dust.
It is a scroll of identify.
h - 3 potions of attraction You feel very sick.
Robin closely misses you. The orc hits you but does no damage.
The orc barely misses you. The orc hits you but does no damage.
As you read the scroll of identify, it crumbles to dust.
j - a potion of lignification You feel very sick.
Robin hits you but does no damage.
You are more poisoned.
The orc hits you with a +0 flail. The orc hits you but does no damage.
The orc barely misses you.
As you read the scroll labelled TURUISE QAPH, it crumbles to dust.
The scroll dissolves into smoke.
It was a scroll of fog.
* * * LOW HITPOINT WARNING * * *
You feel very sick.
Robin hits you with a +4 dagger of venom.
* * * LOW HITPOINT WARNING * * *
You are more poisoned.
The orc hits you with a +0 flail!
* * * LOW HITPOINT WARNING * * *
The orc barely misses you. The orc hits you but does no damage.
It was a potion of magic.
Magic courses through your body.
You die...

........ ..
!....... .
........###.
..........#.
...........
#........# ..
#....§§.# ..!.
#..§ooo#......
#..§§@g§.#
#..§§§§###
#..§.....
#....$.###
#.....##
.......#
.........
........##
#......#


You could see Robin and 3 orcs.

Vanquished Creatures
  6 adders
  A dart slug (D:1)
  A bat (D:2)
  3 endoplasms
  A giant cockroach (D:2)
  9 goblins
  4 hobgoblins
  4 jackals (D:2)
  6 kobolds
  2 quokkas
  5 ball pythons
  3 frilled lizards
  6 rats
51 creatures vanquished.

Notes
Turn   | Place    | Note
-------+----------+-------------------------------------------
     0 | D:1      | AIAndy the Barachi Hunter began the quest for the Orb.
     0 | D:1      | Reached XP level 1. HP: 17/17 MP: 1/1
   162 | D:1      | Reached XP level 2. HP: 23/23 MP: 2/2
   234 | D:1      | Found a faded altar of an unknown god.
   532 | D:1      | Found Ula Dochye's General Store.
   874 | D:2      | Reached XP level 3. HP: 17/28 MP: 3/3
   937 | D:2      | Reached skill level 5 in Ranged Weapons
   970 | D:2      | Identified the +0 pair of boots "Boin" {Regen+}
  1562 | D:2      | Reached XP level 4. HP: 26/34 MP: 4/4
  1970 | D:3      | Reached skill level 6 in Ranged Weapons
  1981 | D:3      | Noticed Robin
  1982 | D:3      | Noticed Ijyb
  1982 | D:3      | Paralysed by Ijyb for 3 turns
  1986 | D:3      | Paralysed by Ijyb for 3 turns
  1996 | D:4      | HP: 1/34 [orc/+0 flail (7)]
  1997 | D:4      | Succumbed to Robin's poison

Illustrated notes

Levels and vault maps discovered:
D:1:      spicycebolla_arrival_xxxplode, layout_loops_ring, serial_shops, shop,
          shapermc_ecumenical_altar_flowoftime, minmay_close_crescents
D:2:      minmay_chambers_of_twos, layout_loops_ring
D:3:      layout_basic, uniq_ijyb, uniq_robin, uniq_grinder
D:4:      layout_cave_pools, fedhas_altar_1, nicolae_uskayaw_dance_hall

Skill      XL: |  1  2  3  4 |
---------------+-------------+-----
Ranged Weapons | 5 6 |  6.0
Fighting       | |  2.4
Dodging        | |  2.1
Stealth        | |  0.8

Action                     |  1- 3 |  4- 6 || total
---------------------------+-------+-------++-------
   Fire: Shortbow          |    94 |    65 ||   159
Ability: Hop               |       |     1 ||     1
    Use: Scroll            |       |     3 ||     3
         Potion            |       |     1 ||     1
 Armour: Leather armour    |    11 |       ||    11
         Scale mail        |     9 |    47 ||    56
  Dodge: Dodged            |    34 |    44 ||    78
